 Dungeon Crawl Stone Soup version 0.21-a0-434-g806c6c2 (webtiles) character file.

34 slep the Ducker (level 3, -7/27 HPs)
             Began as a Demonspawn Gladiator on Nov 9, 2017.
             Mangled by Natasha (8 damage)
             ... on level 2 of the Dungeon.
             The game lasted 00:03:46 (747 turns).

slep the Ducker (Demonspawn Gladiator)               Turns: 747, Time: 00:03:46

Health: -7/27      AC:  3    Str: 14    XL:     3   Next: 14%
Magic:  3/3        EV: 13    Int:  9    God:
Gold:   49         SH:  0    Dex: 15    Spells: 2/2 levels left

rFire    . . .     SeeInvis .   a - +0 long sword
rCold    . . .     Gourm    .   (no shield)
rNeg     . . .     Faith    .   b - +0 leather armour
rPois    .         Spirit   .   (helmet restricted)
rElec    .         Reflect  .   (no cloak)
rCorr    .         Harm     .   (no gloves)
MR       .....                  (no boots)
Stlth    ++........             (no amulet)
HPRegen  0.09/turn              (no ring)
MPRegen  0.08/turn              (no ring)

@: no status effects
A: antennae 1, nightstalker 1
a: no special abilities


You were on level 2 of the Dungeon.
You were not hungry.

You visited 1 branch of the dungeon, and saw 2 of its levels.

You collected 49 gold pieces.

Inventory:

Hand Weapons
 a - a +0 long sword (weapon)
Missiles
 d - 3 throwing nets (quivered)
Armour
 b - a +0 leather armour (worn)
 c - a +0 helmet
Scrolls
 e - a scroll of recharging {unknown}
 g - a scroll of teleportation {unknown}
 i - 2 scrolls of remove curse {unknown}
 j - 3 scrolls of immolation {unknown}
 k - 3 scrolls of identify {unknown}
Potions
 h - 3 potions of agility {unknown}
 n - 2 potions of heal wounds {unknown}
 o - a potion of curing {unknown}
Comestibles
 f - a bread ration
 l - 4 fruits
 m - 4 chunks of flesh


   Skills:
 + Level 2.1 Fighting
 + Level 3.0 Long Blades
 + Level 2.1 Throwing
 + Level 1.1 Armour
 + Level 3.0 Dodging


You had 2 spell levels left.
You didn't know any spells.

Dungeon Overview and Level Annotations

Branches:
Dungeon (2/15)

Altars:

Annotations:
D:2 Natasha


Innate Abilities, Weirdness & Mutations

You have a pair of small antennae on your head.
You are slightly more attuned to the shadows.


Message History

Butcher a jackal corpse? [(y)es/(c)hoosy/(n)o/(a)ll/(e)dible/(q)uit/?]
Butcher a jackal corpse? [(y)es/(c)hoosy/(n)o/(a)ll/(e)dible/(q)uit/?]
You butcher the jackal corpse. x2
m - 2 chunks of flesh (gained 1);
m - 4 chunks of flesh (gained 2)
You feel sick.
You are no longer poisoned.
Found a dagger.
Natasha, Servant of Life and Death comes into view.
Natasha moves out of view.
Found a helmet.
Found a stone staircase leading down.
Natasha hisses angrily.
Natasha is too close now for your liking.
Natasha casts a spell.
You closely miss Natasha. Natasha barely misses you. Natasha claws you!
* * * LOW HITPOINT WARNING * * *
You barely miss Natasha. The white imp barely misses you. Natasha claws you.
* * * LOW HITPOINT WARNING * * *
You barely miss Natasha. The white imp barely misses you. Natasha claws you!
You die...

##...........
..............
.............>
#.....[......
#.............
#.....h5.......
#....@......)#
#...........####
....###..........#
... ##..........# #
#...........#
#....#.........#
.####.>#...........#
...#..#.####.....#
#. #...>..##
##..#.##


You could see Natasha and a white imp.

Vanquished Creatures
  An adder (D:2)
  A bat (D:1)
  3 giant cockroaches
  2 hobgoblins
  5 jackals
  A ball python (D:2)
  2 frilled lizards (D:2)
  2 goblins
  2 kobolds (D:1)
  5 rats (D:1)
24 creatures vanquished.

Notes
Turn   | Place    | Note
-------+----------+-------------------------------------------
     0 | D:1      | slep the Demonspawn Gladiator began the quest for the Orb.
     0 | D:1      | Reached XP level 1. HP: 16/16 MP: 1/1
   353 | D:1      | Gained mutation: You have a pair of small antennae on your head. [demonic ancestry]
   353 | D:1      | Reached XP level 2. HP: 22/22 MP: 2/2
   718 | D:2      | Reached skill level 1 in Armour
   718 | D:2      | Gained mutation: You are slightly more attuned to the shadows. [demonic ancestry]
   718 | D:2      | Reached XP level 3. HP: 17/27 MP: 3/3
   737 | D:2      | Noticed Natasha
   746 | D:2      | HP: 1/27 [Natasha (3)]
   747 | D:2      | Mangled by Natasha

Vault maps used:
D:1:      lightli_arrival_windingriver
D:2:      chequers_ecumenical_altar_island, uniq_natasha

Skill      XL: |  1  2 |
---------------+-------+-----
Throwing       | 2 |  2.1
Dodging        | 3 |  3.0
Long Blades    | 3 |  3.0
Armour         | 1 |  1.1
Fighting       | |  2.1

Action                   || total
-------------------------++-------
Melee: Long sword        ||    76
 Stab: Sleeping          ||     1
Armor: Leather armour    ||    23
Dodge: Dodged            ||    56
       Rpst.: Long sword ||    24

Table legend:
 A = Spawn XP
 B = Non-spawn XP
 C = Spawn XP percentage of total XP
 D = Spawn monster count
 E = Non-spawn monster count
 F = Spawn count percentage of total count
 G = Total turns spent on level
                    A         B        C        D         E        F      G
               +---------+---------+-------+---------+---------+-------+---------
         Total |       0 |      49 |   0.0 |       0 |      24 |   0.0 |   747
               +---------+---------+-------+---------+---------+-------+---------
           D:1 |       0 |      20 |   0.0 |       0 |      14 |   0.0 |   617
           D:2 |       0 |      29 |   0.0 |       0 |      10 |   0.0 |   130
               +---------+---------+-------+---------+---------+-------+---------
